 Dungeon Crawl Stone Soup version 0.21-a0-400-g417d9d2 (webtiles) character file.

699 Kavrick the Cutter (level 7, -2/44 HPs)
             Began as a Kobold Gladiator on Oct 20, 2017.
             Was an Initiate of Qazlal.
             Splashed by a jelly's acid (3 damage)
             ... on level 5 of the Dungeon.
             The game lasted 00:16:19 (4999 turns).

Kavrick the Cutter (Kobold Gladiator)               Turns: 4999, Time: 00:16:19

Health: -2/44      AC:  0    Str: 11    XL:     7   Next: 97%
Magic:  7/7        EV: 16    Int:  9    God:    Qazlal [......]
Gold:   140        SH:  0    Dex: 19    Spells: 6/6 levels left

rFire    . . .     SeeInvis .   a - +0 rapier
rCold    . . .     Gourm    .   (shield restricted)
rNeg     . . .     Faith    .   l - +0 ring mail
rPois    .         Spirit   .   c - +0 helmet
rElec    .         Reflect  .   (no cloak)
rCorr    .         Harm     .   m - +1 pair of gloves
MR       .....                  (no boots)
Stlth    +.........             (no amulet)
HPRegen  0.14/turn              (no ring)
MPRegen  0.10/turn              (no ring)

@: corroded
A: carnivore 3
a: Renounce Religion


You were on level 5 of the Dungeon.
You worshipped Qazlal.
Qazlal was noncommittal.
You were completely stuffed.

You visited 2 branches of the dungeon, and saw 6 of its levels.

You collected 140 gold pieces.

Inventory:

Hand Weapons
 a - a +0 rapier (weapon)
 r - a cursed -1 dagger
Missiles
 d - 3 throwing nets (quivered)
Armour
 b - a +0 leather armour
 c - a +0 helmet (worn)
 l - a +0 ring mail (worn)
 m - a +1 pair of gloves (worn)
 o - a +0 pair of gloves of archery
Jewellery
 k - a +2 ring of protection {unknown}
Wands
 A - a wand of iceblast (7/15)
Scrolls
 g - 2 scrolls of random uselessness {unknown}
 h - 2 scrolls of teleportation {unknown}
 p - 2 scrolls of fear {unknown}
 q - 2 scrolls of fog {unknown}
 t - 2 scrolls of identify {unknown}
 u - a scroll of remove curse {unknown}
 v - a scroll of enchant armour {unknown}
 w - a scroll of amnesia {unknown}
 x - a scroll of magic mapping {unknown}
 y - 3 scrolls of recharging {unknown}
Potions
 e - a potion of heal wounds {unknown}
 i - 2 potions of haste {unknown}
 j - a potion of degeneration {unknown}
 n - 2 potions of curing {unknown}
Comestibles
 f - 2 meat rations
 s - a royal jelly
 z - 2 chunks of flesh


   Skills:
 + Level 4.5 Fighting
 * Level 7.8 Short Blades
 - Level 2.1 Throwing
 + Level 2.7 Armour
 + Level 5.6 Dodging


You had 6 spell levels left.
You didn't know any spells.

Dungeon Overview and Level Annotations

Branches:
Dungeon (5/15)             Temple (1/1) D:4

Altars:
Ashenzari
Fedhas
Gozag
Hepliaklqana
Kikubaaqudgha
Makhleb
Qazlal
Ru
Trog
Uskayaw
Wu Jian
Yredelemnul
Zin
The Shining One

Annotations:
D:4 2 transporters


Innate Abilities, Weirdness & Mutations

You are small and have problems with some larger weapons.
You are carnivorous and can eat meat at any time.


Message History

You hit the jelly. The acid corrodes you!
Your hands burn!
The jelly is heavily wounded.
You hit the jelly but do no damage.
Your hands burn!
The jelly is heavily wounded.
The jelly hits you. The acid corrodes you!
You are splashed with acid!
The acid burns!
You are too injured to fight recklessly!
You are too injured to fight recklessly!
You hit the jelly but do no damage.
Your hands burn!
The jelly is heavily wounded.
The jelly misses you.
You hit the jelly. The acid corrodes you!
Your hands burn!
* * * LOW HITPOINT WARNING * * *
The jelly is severely wounded.
The jelly hits you.
* * * LOW HITPOINT WARNING * * *
You are splashed with acid!
The acid burns!
* * * LOW HITPOINT WARNING * * *
You hit the jelly.
Your hands burn!
You die...

.# ##.# #..# #..#
#########. #..
##......... ##.#
##.......... #..#
##...........
##..###....@J...# #
###...............#
####...##..........(.#
.....#####...........#
...### #...........#
..## ##............
...# #..........###
....# #..........#
.....# #..[.......#


You could see a jelly.

Vanquished Creatures
  An ogre (D:4)
  The ghost of Hasart the Vexing, an amateur SpEn (D:3)
  A crimson imp (D:4)
  A bullfrog zombie (D:4)
  2 hounds (D:4)
  3 orc wizards (D:3)
  A centaur skeleton (D:5)
  An iguana (D:4)
  A worker ant (D:4)
  A hound zombie (D:4)
  4 gnolls (D:4)
  12 adders
  An ooze (D:1)
  2 worms
  4 dart slugs
  3 leopard geckos
  15 orcs
  3 giant cockroaches
  5 goblins
  6 hobgoblins
  8 kobolds
  A quokka (D:5)
  2 ball pythons
  5 bats
  5 frilled lizards
  A leopard gecko skeleton (D:4)
  5 rats
95 creatures vanquished.

Notes
Turn   | Place    | Note
-------+----------+-------------------------------------------
     0 | D:1      | Kavrick the Kobold Gladiator began the quest for the Orb.
     0 | D:1      | Reached XP level 1. HP: 12/12 MP: 1/1
   353 | D:1      | Reached XP level 2. HP: 10/18 MP: 2/2
   863 | D:1      | Reached XP level 3. HP: 22/22 MP: 3/3
  1207 | D:2      | Noticed a water elemental
  1220 | D:2      | Found a stormy altar of Qazlal.
  1221 | D:2      | Noticed an air elemental
  1221 | D:2      | Noticed a fire elemental
  1221 | D:2      | Noticed an earth elemental
  1417 | D:2      | Reached skill level 1 in Armour
  1417 | D:2      | Reached XP level 4. HP: 27/27 MP: 4/4
  1423 | D:2      | Reached skill level 5 in Short Blades
  1883 | D:3      | Noticed Hasart's ghost (amateur SpEn)
  1920 | D:3      | Killed Hasart's ghost
  1920 | D:3      | Reached XP level 5. HP: 18/32 MP: 5/5
  2101 | D:3      | Found an ornate altar of the Wu Jian Council.
  2101 | D:3      | Found a glowing silver altar of Zin.
  2102 | D:3      | Found an ancient bone altar of Kikubaaqudgha.
  2139 | D:3      | Reached skill level 6 in Short Blades
  2139 | D:3      | Reached XP level 6. HP: 28/37 MP: 6/6
  2947 | D:4      | Noticed an ogre
  2959 | D:4      | Killed an ogre
  2959 | D:4      | Reached skill level 5 in Dodging
  2959 | D:4      | Reached XP level 7. HP: 33/42 MP: 7/7
  3023 | D:4      | Reached skill level 7 in Short Blades
  3173 | D:4      | Found a transporter.
  3188 | D:4      | Found a transporter.
  3391 | D:4      | Found a burning altar of Makhleb.
  3748 | D:4      | Found a staircase to the Ecumenical Temple.
  3938 | Temple   | Entered the Ecumenical Temple
  4416 | D:2      | Became a worshipper of Qazlal Stormbringer
  4764 | D:5      | Entered Level 5 of the Dungeon
  4998 | D:5      | HP: 1/44 [acid (10)]
  4999 | D:5      | Splashed by a jelly's acid

Vault maps used:
D:1:      ncdulo_smallfort, minmay_misc_feat_x
D:2:      nicolae_qazlal_style_of_elements
D:3:      minitemple
D:4:      gammafunk_steamed_eel, makhleb_blood_cavern_becter, temple_green
D:5:      lemuel_crystal_altar, nicolae_overflow_crystal_walls,
          gammafunk_temple_overflow_statue, first_bread, serial_shops, shop
Temple:   compressed_dpeg_triangle_lava_temple

Skill      XL: |  1  2  3  4  5  6  7 |
---------------+----------------------+-----
Dodging        | 4 5 |  5.6
Armour         | 1 2 |  2.7
Short Blades   | 5 6 7 |  7.8
Fighting       | 3 4 |  4.5
Throwing       | |  2.1

Action                   |  1- 3 |  4- 6 |  7- 9 || total
-------------------------+-------+-------+-------++-------
Melee: Rapier            |    89 |   183 |   177 ||   449
 Stab: Sleeping          |     1 |       |       ||     1
  Eat: Chunk             |    10 |     5 |     7 ||    22
Armor: Leather armour    |     3 |       |       ||     3
       Ring mail         |    23 |    48 |    47 ||   118
Dodge: Dodged            |    48 |   110 |   112 ||   270

Table legend:
 A = Spawn XP
 B = Non-spawn XP
 C = Spawn XP percentage of total XP
 D = Spawn monster count
 E = Non-spawn monster count
 F = Spawn count percentage of total count
 G = Total turns spent on level
                    A         B        C        D         E        F      G
               +---------+---------+-------+---------+---------+-------+---------
         Total |       0 |     999 |   0.0 |       0 |      95 |   0.0 |  4999
               +---------+---------+-------+---------+---------+-------+---------
           D:1 |       0 |      35 |   0.0 |       0 |      16 |   0.0 |  1206
           D:2 |       0 |      85 |   0.0 |       0 |      22 |   0.0 |   607
           D:3 |       0 |     281 |   0.0 |       0 |      24 |   0.0 |  1187
           D:4 |       0 |     536 |   0.0 |       0 |      27 |   0.0 |  1482
           D:5 |       0 |      62 |   0.0 |       0 |       6 |   0.0 |   122
               +---------+---------+-------+---------+---------+-------+---------
